Map: Central Protocol

Players

LiquidBunny (Bunny) - Winner!

  • Race: Terran Terran
  • League: Grandmaster

Altaria

  • Race: Terran Terran

Event: NationWars III

VOD

Have the link to the VOD?

Description

Time

  • Played on: Dec. 11, 2015, 12:13 p.m.
  • Length: 11:12

All games in this series

Show
View Real Time Build Order
Export as new Build Order

LiquidBunny Terran - Winner!

Build Orders: Bio Tank 

Get SALT Encoding   

  12  0:00  SCV  
  13  0:12  SCV  
  14  0:17  Supply Depot  
  14  0:25  SCV  
  15  0:39  SCV, Barracks  
  16  0:43  Refinery  
  16  0:51  SCV  
  17  1:03  SCV  
  18  1:15  SCV  
  19  1:27  Barracks Reactor  
  19  1:28  Orbital Command  
  19  1:40  Command Center  
  19  1:47  Refinery  
  19  1:54  SCV  
  20  1:59  Supply Depot  
  20  2:03  Reaper x2  
  20  2:07  SCV  
  23  2:19  SCV  
  23  2:31  SCV  
  23  2:32  Factory  
  23  2:35  Marine x2  
  26  2:43  SCV  
  27  2:50  Supply Depot  
  27  2:54  Marine  
  27  2:55  SCV, Marine  
  30  3:07  SCV  
  31  3:17  Factory Tech Lab  
  31  3:18  Starport  
  31  3:20  Orbital Command  
  31  3:21  SCV  
  32  3:33  SCV, Marine  
  33  3:39  Cyclone  
  35  3:45  SCV  
  35  3:46  SCV  
  37  3:53  Marine x2  
  39  3:57  SCV  
  39  3:58  SCV  
  39  3:59  Bunker  
  41  4:03  Medivac  
  41  4:09  SCV  
  42  4:10  SCV  
  42  4:11  Marine  
  42  4:12  Cyclone  
  44  4:21  SCV  
  44  4:22  SCV  
  41  4:29  Marine x2  
  36  4:33  SCV  
  36  4:34  SCV  
  37  4:44  Siege Tank  
  36  4:45  SCV  
  36  4:46  SCV  
  36  4:47  Marine  
  39  4:54  Marine  
  39  4:58  SCV x2  
  42  5:01  Engineering Bay  
  42  5:04  Viking  
  44  5:10  SCV x2  
  46  5:14  Marine  
  46  5:15  Barracks  
  46  5:16  Barracks  
  47  5:21  Siege Tank  
  47  5:22  SCV x2  
  52  5:29  Supply Depot  
  52  5:31  Marine  
  52  5:34  SCV  
  52  5:35  SCV  
  55  5:41  Bunker  
  54  5:45  Marine  
  54  5:46  SCV  
  54  5:47  SCV  
  54  5:49  Marine  
  56  5:58  SCV  
  56  5:59  SCV  
  56  6:03  Marine  
  59  6:06  Barracks Tech Lab x2  
  59  6:07  Marine  
  59  6:09  Refinery  
  59  6:10  SCV  
  59  6:11  SCV  
  62  6:20  Refinery  
  62  6:21  Terran Infantry Weapons Level 1, Marine  
  62  6:22  SCV  
  62  6:23  Starport Reactor  
  62  6:25  Stimpack, Marine  
  65  6:27  Barracks  
  65  6:31  SCV  
  66  6:34  SCV  
  66  6:37  Marine x2  
  66  6:39  Marine  
  70  6:40  Supply Depot  
  70  6:41  Combat Shields  
  70  6:53  Supply Depot  
  70  7:01  SCV, Siege Tank, Marine x4  
  70  7:05  Supply Depot  
  78  7:12  Supply Depot  
  78  7:15  SCV x2, Medivac  
  82  7:17  Barracks Reactor  
  82  7:19  Marine x3  
  82  7:21  Barracks  
  85  7:25  Marine  
  85  7:27  SCV  
  85  7:29  Supply Depot  
  87  7:34  SCV  
  88  7:37  Marine x3  
  88  7:38  Siege Tank  
  88  7:43  Marine  
  95  7:46  SCV  
  95  7:48  SCV  
  95  7:54  Marine  
  95  7:55  Marine x4  
  99  7:59  Medivac x2  
  99  8:00  Marine  
  104  8:08  Barracks Reactor  
  104  8:10  Siege Tank  
  104  8:11  Supply Depot  
  104  8:12  Marine x3  
  110  8:32  Medivac, Marine x6  
  118  8:34  Supply Depot  
  118  8:35  Supply Depot, Medivac  
  120  8:42  Siege Tank  
  120  8:47  Marine x2  
  125  8:50  Marine  
  126  8:55  Supply Depot, Marine x5  
  126  8:56  SCV  
  126  8:57  SCV  
  126  9:02  Medivac  
  135  9:04  Marine x2  
  135  9:08  Marine  
  135  9:13  Marine x4  
  135  9:14  Siege Tank  
  140  9:17  Medivac  
  140  9:22  Marine x2  
  144  9:25  Marine x2  
  144  9:31  Command Center, Marine  
  146  9:44  Marine x2  
  146  9:45  SCV, Marine x2  
  134  9:47  SCV, Marine  
  134  9:48  Marine  
  123  9:54  Siege Tank  
  123  9:55  Marine x2  
  130  10:05  Marine x2  
  130  10:13  Marine x2  
  132  10:16  Marine x2  
  132  10:17  Marine  
  135  10:21  Marine  
  135  10:22  Armory  
  135  10:23  Engineering Bay, Marine x2  
  135  10:26  Siege Tank  
  141  10:31  Marine x2  
  141  10:34  Marine x3  
  146  10:39  Marine  
  146  10:41  Marine  
  135  10:42  Marine  
  135  10:45  SCV  
  135  10:49  SCV, Marine x2  
  140  10:52  Marine x3  
Show
View Real Time Build Order
Export as new Build Order

Altaria Terran 

Build Orders: Cyclone Opening, Bio Tank 

Get SALT Encoding   

  12  0:01  SCV  
  13  0:13  SCV  
  14  0:18  Supply Depot  
  14  0:25  SCV  
  15  0:39  SCV  
  15  0:41  Barracks  
  16  0:44  Refinery  
  16  0:51  SCV  
  17  1:04  SCV  
  18  1:05  Refinery  
  18  1:16  SCV  
  19  1:28  Reaper  
  19  1:29  Orbital Command  
  20  1:35  Supply Depot  
  20  1:47  Factory  
  20  1:55  SCV  
  20  2:01  Barracks Reactor  
  21  2:07  SCV  
  22  2:19  SCV  
  23  2:31  SCV  
  23  2:35  Factory Tech Lab, Starport  
  24  2:39  Marine  
  24  2:40  Marine  
  24  2:43  SCV  
  26  2:49  Supply Depot  
  26  2:53  Cyclone  
  26  2:56  SCV  
  30  2:58  Marine  
  31  3:11  SCV, Marine  
  33  3:13  Supply Depot, Medivac  
  33  3:16  Marine  
  36  3:23  SCV  
  36  3:28  Marine  
  37  3:35  SCV  
  37  3:36  Cyclone, Marine  
  42  3:46  Marine  
  42  3:49  SCV  
  42  3:54  Marine  
  44  4:04  Marine  
  44  4:08  Command Center  
  45  4:15  Liberator  
  45  4:19  Cyclone  
  45  4:25  SCV  
  45  4:31  Marine x2  
  43  4:37  SCV  
  45  4:46  Supply Depot  
  45  4:48  Marine x2  
  45  4:49  SCV  
  44  4:57  Siege Tank  
  46  5:01  SCV  
  47  5:13  SCV, Marine x2  
  50  5:21  Viking  
  52  5:26  Orbital Command  
  52  5:27  SCV  
  53  5:39  SCV, Barracks Tech Lab  
  51  5:51  Barracks x2  
  51  5:53  SCV x2  
  53  5:57  Siege Tank  
  53  5:59  Marine  
  53  6:03  Starport Reactor  
  57  6:05  Stimpack  
  57  6:09  SCV x2  
  59  6:16  Engineering Bay  
  59  6:18  Marine  
  60  6:21  SCV x2  
  62  6:27  Refinery  
  65  6:32  Siege Tank  
  65  6:33  SCV x2  
  65  6:36  Marine  
  68  6:41  Barracks  
  68  6:43  Barracks  
  68  6:45  SCV x2, Barracks Reactor  
  70  6:47  Refinery  
  70  6:48  Marine x2  
  70  6:54  Supply Depot  
  72  6:55  Medivac  
  72  6:57  SCV x2  
  76  7:04  Marine  
  76  7:06  Marine  
  77  7:09  SCV  
  79  7:15  SCV  
  79  7:16  Supply Depot  
  79  7:17  Supply Depot  
  79  7:18  Terran Infantry Weapons Level 1  
  79  7:19  Marine  
  79  7:20  Supply Depot  
  79  7:22  Medivac, Marine  
  83  7:24  Marine  
  83  7:25  Medivac  
  85  7:34  Barracks Reactor  
  85  7:35  Barracks Reactor  
  86  7:38  Marine x2  
  86  7:42  Supply Depot  
  86  7:43  Supply Depot  
  87  7:47  Siege Tank  
  87  7:50  Marine  
  91  7:59  Medivac  
  91  8:03  Marine x2  
  91  8:04  Supply Depot, Marine x2  
  97  8:06  Combat Shields  
  97  8:08  Marine  
  97  8:11  Marine x2  
  97  8:12  Marine x2  
  101  8:21  Marine x2  
  101  8:22  Medivac, Marine  
  106  8:28  Marine x2  
  106  8:29  Marine x3  
  106  8:30  Supply Depot, Medivac, Marine  
  114  8:39  Marine x3  
  114  8:41  Siege Tank  
  120  8:45  Supply Depot  
  120  8:48  Supply Depot, Marine  
  120  8:53  Medivac  
  123  8:56  Marine x3  
  115  9:08  SCV x2  
  116  9:10  Marine x4  
  116  9:14  Siege Tank  
  116  9:15  Marine x2  
  124  9:20  SCV  
  124  9:21  Marine x2  
  127  9:30  Marine x2  
  107  9:46  Marine x3  
  107  9:47  Marine x4  
  107  9:48  Marine x2  
  96  9:53  Siege Tank  
  97  10:03  Marine x2  
  97  10:04  Marine  
  97  10:05  Marine x4  
  97  10:06  Marine  
  105  10:09  Armory  
  105  10:13  Marine  
  106  10:21  Marine x3  
  106  10:24  Marine x3  
  106  10:25  Siege Tank  
  115  10:32  Medivac x2  
  115  10:34  Marine x2  
  121  10:40  Marine x2  
  93  10:50  Marine  
  93  10:52  Marine x2  
Tags
 
Add a new tag
Caveats
  • Supply blocks, unpowered buildings, or Contaminate may cause inaccurate times.
  • Supply counts are checked every 10 seconds.